 Dungeon Crawl Stone Soup version 0.28.0-43-g3370ac3207 (webtiles) character file.

Game seed: 4642537815361652701

483 Peloso the Slasher (level 6, 0/56 HPs)
             Began as a Minotaur Fighter on Mar 21, 2022.
             Slain by a gnoll
             ... wielding a +0 flail
              (5 damage)
             ... on level 6 of the Dungeon.
             The game lasted 00:03:23 (2639 turns).

Peloso the Slasher (Minotaur Fighter)               Turns: 2639, Time: 00:03:24

Health: 0/56       AC: 13    Str: 21    XL:     6   Next: 88%
Magic:  5/5        EV:  6    Int:  5    God:
Gold:   197        SH:  5    Dex: 11    Spells: 5/5 levels left

rFire   . . .      SeeInvis .   a - +0 long sword
rCold   . . .      Faith    .   c - +0 buckler
rNeg    . . .      Spirit   .   l - +1 plate armour
rPois   .          Reflect  .   (helmet restricted)
rElec   .          Harm     .   (no cloak)
rCorr   .          Rampage  .   (no gloves)
Will    .....                   (no boots)
Stlth   ..........              (no amulet)
HPRegen 0.18/turn               (no ring)
MPRegen 0.09/turn               (no ring)

@: lit by a corona, glowing
A: horns 2, retaliatory headbutt
a: no special abilities


You were on level 6 of the Dungeon.
You visited 1 branch of the dungeon, and saw 4 of its levels.

You collected 197 gold pieces.

Inventory:

Hand Weapons
 a - a +0 long sword (weapon)
Armour
 b - a +0 scale mail
 c - a +0 buckler (worn)
 l - a +1 plate armour (worn)
Scrolls
 e - a scroll of enchant weapon {unknown}
 f - 2 scrolls of identify
 g - a scroll of torment
 h - a scroll of fog
 m - a scroll of immolation {unknown}
Potions
 i - a potion of degeneration
 j - a potion of curing {unknown}


   Skills:
 + Level 5.3 Fighting
 + Level 6.0 Long Blades
 + Level 5.3 Armour
 + Level 1.0 Dodging
 + Level 0.2 Stealth
 + Level 4.8 Shields


You had 5 spell levels left.
You didn't know any spells.
Your spell library contained the following spells:

 Spells                   Type           Power      Damage    Failure   Level
 Pain                     Necr           0%         1d4       100%        1
 Agony                    Necr           0%         N/A       100%        5
 Excruciating Wounds      Necr           0%         N/A       100%        5


Dungeon Overview and Level Annotations

Branches:
Dungeon (3/15)

Altars:


Innate Abilities, Weirdness & Mutations

You have a pair of horns on your head.
You reflexively headbutt those who attack you in melee.


Message History

i - a potion of degeneration You hear a shout!
The gnoll hits you with a +0 flail.
Eustachio casts a spell.
Eustachio blinks!
As you read the scroll labelled TIEGU WODYAJ, it crumbles to dust.
Your body is wracked with pain!
The gnoll convulses!
Eustachio convulses!
The gnoll convulses!
The bullfrog convulses!
It was a scroll of torment.
The gnoll hits you with a +0 flail. Eustachio hits you but does no damage.
The gnoll hits you with a +0 flail!
* * * LOW HITPOINT WARNING * * *
You closely miss Eustachio. Your headbutt misses Eustachio.
Eustachio is heavily wounded.
The bullfrog snags a nearby baby bat with its tongue.
A gnoll comes into view. It is wielding a +0 halberd.
You block the gnoll's attack. Eustachio hits you with a +0 rapier.
* * * LOW HITPOINT WARNING * * *
Unknown command.
You slash Eustachio!
Eustachio is severely wounded.
The gnoll hits you with a +0 flail.
* * * LOW HITPOINT WARNING * * *
Eustachio hits you but does no damage. The gnoll hits you but does no damage.
Unknown command.
You slash Eustachio!
You kill Eustachio!
You block the gnoll's attack. The gnoll hits you but does no damage.
You feel your dexterity returning.
Your Long Blades skill increases to level 6!
Your Dodging skill increases to level 1!
Unknown command.
As you read the scroll labelled HICREZA WIAGH, it crumbles to dust.
The scroll dissolves into smoke.
It was a scroll of fog.
The gnoll hits you with a +0 flail.
* * * LOW HITPOINT WARNING * * *
As you read the scroll labelled IVVIUG LU NOR, it crumbles to dust.
It is a scroll of enchant armour.
Your +0 plate armour glows green for a moment.
The gnoll hits you with a +0 flail.
You die...

.g #. ####g####
#......g# #.##.##5#
######.##.5..#
####.......####.#
#...Z§..#.§####g##.#...
#.##.##.#.§§@ggF......#
........##§#######.#.##
#.##..#.##.# ..
#.##.......# .#
#..........# #
####..#..#.# #..##.#.#
).. ..#.# #.. .....#


You could see 2 gnolls.

Vanquished Creatures
  Eustachio (D:6)
  A phantom (D:6)
  A water moccasin zombie (D:6)
  A gnoll shaman (D:6)
  Natasha (thrice) (D:2)
  4 adders (D:2)
  A worm (D:2)
  A dart slug (D:2)
  9 endoplasms
  9 goblins
  10 hobgoblins
  2 jackals (D:1)
  2 kobolds
  2 quokkas (D:1)
  9 ball pythons
  6 bats
  A frilled lizard (D:1)
  6 rats
69 creatures vanquished.

Vanquished Creatures (others)
  2 fungi (D:3)
  2 plants (D:3)
4 creatures vanquished.

Grand Total: 73 creatures vanquished

Notes
Turn   | Place    | Note
-------+----------+-------------------------------------------
     0 | D:1      | Peloso the Minotaur Fighter began the quest for the Orb.
     0 | D:1      | Reached XP level 1. HP: 19/19 MP: 0/0
   190 | D:1      | Reached XP level 2. HP: 26/27 MP: 1/1
   869 | D:1      | Reached XP level 3. HP: 31/33 MP: 2/2
   998 | D:2      | Reached skill level 3 in Long Blades
  1230 | D:2      | Reached XP level 4. HP: 29/40 MP: 3/3
  1235 | D:2      | Noticed Natasha
  1242 | D:2      | Killed Natasha
  1675 | D:2      | Noticed Natasha
  1683 | D:2      | Killed Natasha
  1905 | D:2      | Noticed Natasha
  1912 | D:2      | Killed Natasha
  1913 | D:2      | Reached XP level 5. HP: 46/47 MP: 4/4
  2161 | D:2      | Reached skill level 4 in Long Blades
  2351 | D:3      | You fall into a shaft and drop 3 floors!
  2354 | D:6      | Noticed a phantom
  2368 | D:6      | Reached skill level 5 in Fighting
  2372 | D:6      | Killed a phantom
  2373 | D:6      | Reached skill level 5 in Long Blades
  2373 | D:6      | Reached skill level 5 in Armour
  2373 | D:6      | Reached XP level 6. HP: 18/56 MP: 5/5
  2598 | D:6      | Noticed Eustachio
  2637 | D:6      | Killed Eustachio
  2638 | D:6      | Reached skill level 6 in Long Blades
  2638 | D:6      | Reached skill level 1 in Dodging
  2639 | D:6      | Slain by a gnoll

Illustrated notes

Levels and vault maps discovered:
D:1:      elethiomel_arrival_infinity_welcomes_careful_drivers, layout_basic
D:2:      cheibrodos_greedy_goblins, layout_loops_ring, hangedman_decor_points,
          uniq_natasha
D:3:      layout_basic, lemuel_zombie_altar_kikubaaqudgha,
          shapermc_ecumenical_altar_mp_ritualfount, serial_co_window_serial,
          co_window_corner_a, co_window_of_opportunity_a, co_window_corner_a,
          co_window_corner_a, co_window_corner_a, co_window_2corner,
          co_window_unsneaky_path_d, co_window_corner_cb,
          co_window_unsneaky_path_d, co_window_of_opportunity_b,
          glass_columns_b, glass_columns_a, glass_columns_c, glass_columns_a,
          glass_columns_a, uniq_grinder
D:6:      layout_loops_cross, serial_shops, kennysheep_mini, uniq_eustachio

Skill      XL: |  1  2  3  4  5  6 |
---------------+-------------------+-----
Fighting       | 4 5 |  5.3
Armour         | 4 5 |  5.3
Shields        | 4 |  4.8
Long Blades    | 3 5 6 |  6.0
Dodging        | 1 |  1.0
Stealth        | |  0.2

Action                   |  1- 3 |  4- 6 || total
-------------------------+-------+-------++-------
Melee: Long sword        |    61 |    96 ||   157
       Headbutt          |     6 |    10 ||    16
  Use: Potion            |       |     1 ||     1
       Scroll            |       |     4 ||     4
Armor: Scale mail        |    49 |     3 ||    52
       Plate armour      |       |   100 ||   100
Dodge: Dodged            |    35 |    41 ||    76
Block: Buckler           |    21 |    29 ||    50
